Map: Acropolis LE

Players

Vindicta - Winner!

  • Race: Terran Terran
  • Spawn Location: 5:00

BoO

  • Race: Zerg Zerg
  • Spawn Location: 11:00

VOD

Have the link to the VOD?

Description

Time

  • Played on: Sept. 6, 2019, 12:36 p.m.
  • Length: 8:14
Show
View Real Time Build Order
Export as new Build Order

Vindicta Terran - Winner!

Build Orders: Reaper Expand 

Get SALT Encoding   

  12  0:01  SCV  
  13  0:13  SCV  
  14  0:17  Supply Depot  
  14  0:25  SCV  
  15  0:39  SCV  
  15  0:40  Barracks  
  16  0:44  Refinery  
  16  0:51  SCV  
  17  1:03  SCV  
  18  1:15  SCV  
  19  1:29  Orbital Command, Reaper  
  20  1:41  Command Center  
  20  1:54  SCV  
  21  2:01  Barracks Reactor  
  21  2:03  Barracks  
  21  2:06  SCV  
  22  2:14  Supply Depot  
  22  2:18  SCV  
  23  2:36  SCV  
  24  2:41  Marine, Factory  
  24  2:43  Marine, Refinery  
  26  2:48  SCV  
  27  2:51  Barracks Tech Lab  
  27  2:53  Orbital Command  
  27  2:59  Marine  
  27  3:00  Marine, SCV  
  30  3:10  Marine, Stimpack  
  30  3:12  SCV  
  32  3:18  SCV  
  33  3:20  Marine x2  
  33  3:24  SCV  
  33  3:26  Starport  
  36  3:30  Marine  
  36  3:32  SCV  
  38  3:35  Factory Reactor  
  38  3:36  SCV  
  38  3:38  Marine  
  38  3:40  Marine  
  41  3:42  Supply Depot  
  41  3:46  Bunker  
  41  3:47  SCV  
  42  3:54  Factory Tech Lab  
  42  3:55  SCV  
  45  3:59  Supply Depot  
  45  4:01  Marine  
  46  4:03  Marine  
  46  4:04  Medivac  
  46  4:05  Marine  
  46  4:07  SCV  
  49  4:11  SCV, Supply Depot  
  49  4:17  Siege Tank  
  49  4:19  Marine  
  49  4:21  Marine  
  49  4:23  SCV  
  55  4:32  Supply Depot  
  54  4:40  Marine x2  
  54  4:41  Marine  
  54  4:42  SCV x2  
  59  4:51  Engineering Bay  
  59  4:52  Barracks  
  59  4:57  Starport Reactor  
  59  4:59  Combat Shield  
  56  5:01  SCV  
  56  5:02  SCV  
  58  5:08  Marine  
  58  5:11  Supply Depot  
  58  5:12  Siege Tank  
  58  5:13  SCV  
  64  5:14  SCV  
  64  5:18  Refinery  
  64  5:23  Terran Infantry Weapons Level 1  
  64  5:24  Marine  
  64  5:25  Marine, SCV  
  64  5:26  SCV  
  68  5:33  Marine  
  69  5:37  SCV  
  69  5:38  SCV, Supply Depot  
  69  5:40  Starport Reactor  
  69  5:42  Marine  
  72  5:48  Marine  
  72  5:49  SCV  
  74  5:54  SCV  
  74  5:56  Marine x2  
  77  5:57  Marine  
  77  6:00  Marine, Command Center  
  76  6:04  SCV  
  76  6:05  Siege Tank  
  71  6:14  Marine x3  
  71  6:17  SCV x2  
  68  6:18  Marine  
  68  6:20  Refinery  
  68  6:22  Marine  
  68  6:23  Barracks  
  68  6:24  Barracks  
  69  6:27  Medivac  
  69  6:30  Medivac  
  73  6:33  Marine, SCV x2  
  76  6:40  Siege Tank, Supply Depot  
  76  6:41  Marine  
  76  6:42  Marine  
  76  6:45  Marine  
  82  6:47  Marine, Supply Depot  
  82  6:50  SCV  
  82  6:51  Marine  
  82  6:52  SCV  
  86  7:02  Marine x2, SCV  
  86  7:03  Marine  
  86  7:04  SCV  
  86  7:05  Medivac, Supply Depot  
  93  7:09  Marine x2  
  93  7:10  Medivac  
  93  7:12  Barracks Reactor  
  93  7:13  Barracks Reactor  
  93  7:14  Supply Depot  
  97  7:16  Orbital Command  
  97  7:18  SCV  
  97  7:19  SCV  
  97  7:21  Marine  
  100  7:25  Marine  
  100  7:26  Marine  
  102  7:30  SCV  
  102  7:32  SCV  
  102  7:36  Armory  
  102  7:37  Engineering Bay  
  104  7:39  Marine  
  104  7:40  Marine  
  104  7:41  Marine  
  104  7:42  SCV x2  
  104  7:43  Marine  
  110  7:44  SCV  
  110  7:49  Marine x3  
  110  7:50  Marine x2  
  113  7:54  SCV x2  
  113  7:57  SCV, Factory  
  116  8:08  Refinery  
  119  8:13  Supply Depot  
Show
View Real Time Build Order
Export as new Build Order

BoO Zerg 

Build Orders: Hatch First 

Get SALT Encoding   

  12  0:01  Drone  
  13  0:13  Overlord  
  13  0:23  Drone  
  14  0:32  Drone x2  
  16  0:37  Drone  
  17  0:52  Hatchery  
  17  0:56  Drone  
  17  0:59  Drone  
  17  1:03  Extractor  
  17  1:16  Spawning Pool  
  16  1:19  Drone  
  16  1:22  Drone  
  18  1:30  Drone  
  19  1:48  Overlord  
  19  2:02  Queen  
  19  2:04  Queen, Zergling x4  
  19  2:08  Drone  
  26  2:12  Drone  
  26  2:15  Drone  
  28  2:23  Drone  
  28  2:26  Drone  
  30  2:30  Roach Warren  
  30  2:33  Spore Crawler  
  29  2:54  Drone  
  29  2:56  Overlord x2  
  30  3:19  Roach x8  
  46  3:35  Drone x3  
  50  3:48  Ravager x2  
  50  3:51  Drone  
  50  3:52  Overlord x2  
  52  3:59  Overlord x2  
  52  4:11  Ravager  
  53  4:25  Hatchery  
  53  4:27  Drone  
  53  4:28  Drone x8  
  53  4:29  Drone x2  
  59  4:38  Drone  
  59  4:45  Drone x2  
  62  4:46  Metabolic Boost  
  47  5:00  Extractor  
  47  5:01  Extractor  
  47  5:03  Zergling x6  
  47  5:05  Baneling Nest  
  47  5:08  Zergling x2  
  47  5:13  Zergling x2  
  49  5:17  Queen x2  
  49  5:19  Zergling x10  
  58  5:34  Zergling x8  
  60  5:43  Zergling x4  
  60  5:48  Zergling x6  
  60  5:49  Zergling x8  
  69  5:50  Baneling  
  69  5:51  Baneling x4  
  69  5:52  Baneling  
  68  6:02  Zergling x4  
  43  6:18  Drone  
  43  6:19  Drone x3  
  43  6:21  Zergling x4  
  43  6:22  Zergling x2  
  50  6:28  Lair, Extractor  
  49  6:33  Zergling x4, Hatchery  
  50  6:44  Overlord x4  
  50  6:49  Evolution Chamber  
  50  6:50  Evolution Chamber  
  48  6:57  Overlord x2  
  48  7:03  Drone x3  
  51  7:09  Drone  
  51  7:10  Drone  
  51  7:15  Drone  
  54  7:16  Drone  
  54  7:17  Drone  
  56  7:32  Zergling x2  
  56  7:33  Zergling x8  
  60  7:44  Zergling x4  
  61  7:49  Zergling x2  
  61  7:50  Zergling x6  
  61  7:51  Zergling x2  
Tags
 
Add a new tag
Caveats
  • Supply blocks, unpowered buildings, or Contaminate may cause inaccurate times.
  • Supply counts are checked every 10 seconds.